 Dungeon Crawl Stone Soup version 0.26-a0-190-g75a3d40d47 (webtiles) character file.

Game seed: 10691917433127858314

3976 Flugslaktarn the Magician (level 10, -3/74 HPs)
             Began as a Gnoll Fire Elementalist on July 4, 2020.
             Was a High Priest of Cheibriados.
             Slain by a cyan ugly thing (13 damage)
             ... on level 10 of the Dungeon.
             The game lasted 00:22:49 (3246 turns).

Flugslaktarn the Magician (Gnoll Fire Elementalist) Turns: 3246, Time: 00:22:49

Health: -3/74      AC:  7    Str: 21    XL:     10   Next: 22%
Magic:  1/20       EV: 18    Int: 33    God:    Cheibriados [*****.]
Gold:   426        SH:  0    Dex: 26    Spells: 10/23 levels left

rFire    . . .     SeeInvis .   A - +2 war axe (drain)
rCold    . . .     Faith    +   (no shield)
rNeg     . . .     Spirit   .   m - +1 leather armour
rPois    .         Reflect  .   (no helmet)
rElec    .         Harm     .   v - +2 cloak {MR+}
rCorr    .                      (no gloves)
MR       +....                  (no boots)
Stlth    +++.......             x - amulet of faith
HPRegen  0.22/turn              B - ring of attention (curse)
MPRegen  0.17/turn              (no ring)

@: very slow
A: distributed training, fangs 1, strong nose
a: Bend Time, Temporal Distortion, Slouch, Step From Time, Renounce Religion


You were on level 10 of the Dungeon.
You worshipped Cheibriados.
Cheibriados was extremely pleased with you.
You were very hungry.

You visited 2 branches of the dungeon, and saw 12 of its levels.

You collected 426 gold pieces.

Inventory:

Hand Weapons
 d - a +1 vorpal spear
   (You found it on level 1 of the Dungeon)
 r - a +1 dagger of draining
   (You found it on level 3 of the Dungeon)
 y - a +4 falchion of holy wrath
   (You found it on level 4 of the Dungeon)
 A - a +2 war axe of draining (weapon)
   (You took it off an orc on level 4 of the Dungeon)
Missiles
 q - 151 arrows
Armour
 a - a +0 robe
 m - a +1 leather armour (worn)
   (You found it on level 3 of the Dungeon)
 t - a +0 tower shield
   (You found it on level 4 of the Dungeon)
 u - a +0 robe
   (You found it on level 3 of the Dungeon)
 v - a +2 cloak of magic resistance (worn)
   (You took it off Crazy Yiuf on level 6 of the Dungeon)
Magical Staves
 s - an uncursed staff of earth
   (You found it on level 7 of the Dungeon)
Jewellery
 x - an amulet of faith (around neck)
   (You found it on level 6 of the Dungeon)
 B - a cursed ring of attention (left hand)
   (You found it on level 9 of the Dungeon)
 H - an uncursed ring of ice
   (You found it on level 10 of the Dungeon)
Wands
 z - a wand of polymorph (6)
   (You found it on level 7 of the Dungeon)
 E - a wand of disintegration (14)
   (You found it on level 9 of the Dungeon)
Scrolls
 b - 2 scrolls of enchant armour
 e - a scroll of blinking
 f - a scroll of teleportation
 g - a scroll of magic mapping
 h - a scroll of noise {unknown}
 i - a scroll of fog
 k - 2 scrolls of remove curse
 p - 5 scrolls of amnesia
 w - a scroll of random uselessness {unknown}
 D - a scroll of enchant weapon {unknown}
 G - 3 scrolls of identify
 J - a scroll of vulnerability {unknown}
 K - a scroll of immolation {unknown}
Potions
 j - 3 potions of lignification
 l - 2 potions of flight
 n - a potion of stabbing
 o - 3 potions of curing
 C - a potion of mutation {unknown}
 F - a potion of magic {unknown}
 I - a potion of haste {unknown}
Comestibles
 c - 7 rations


   Skills:
 + Level 5.0 Fighting
 + Level 5.0 Short Blades
 + Level 5.0 Long Blades
 + Level 5.0 Axes
 + Level 5.0 Maces & Flails
 + Level 5.0 Polearms
 + Level 5.0 Staves
 + Level 5.0 Slings
 + Level 5.0 Bows
 + Level 5.0 Crossbows
 + Level 5.0 Throwing
 + Level 5.0 Armour
 + Level 6.8 Dodging
 + Level 6.6 Stealth
 + Level 5.0 Shields
 + Level 5.0 Unarmed Combat
 + Level 7.1 Spellcasting
 + Level 4.7 Conjurations
 + Level 4.1 Hexes
 + Level 4.1 Charms
 + Level 4.1 Summonings
 + Level 4.1 Necromancy
 + Level 4.1 Translocations
 + Level 4.1 Transmutations
 + Level 6.9 Fire Magic
 + Level 4.1 Ice Magic
 + Level 4.1 Air Magic
 + Level 4.1 Earth Magic
 + Level 4.1 Poison Magic
 + Level 5.4 Invocations
 + Level 5.0 Evocations


You had 10 spell levels left.
You knew the following spells:

 Your Spells              Type           Power        Failure   Level  Hunger
a - Foxfire               Conj/Fire      ####         1%          1    None
b - Inner Flame           Hex/Fire       #####...     1%          3    None
d - Sticky Flame          Conj/Fire      ######..     4%          4    #......
e - Fireball              Conj/Fire      ######....   11%         5    ####...

Your spell library contained the following spells:

 Spells                   Type           Power        Failure   Level  Hunger
 Conjure Flame            Conj/Fire      ######..     1%          3    None


Dungeon Overview and Level Annotations

Branches:
Dungeon (11/15)            Temple (1/1) D:6
   Lair: D:8-11         Orc: D:9-12

Altars:
Cheibriados
Dithmenos
Elyvilon
Kikubaaqudgha
Makhleb
Nemelex Xobeh
Qazlal
Trog
The Shining One

Annotations:
D:7 1 transporter
D:10 3 runed translucent doors, DO THIS VAULT, Gruesome's ghost, journeyman FoFi


Innate Abilities, Weirdness & Mutations

Your experience applies equally to all skills.
You have very sharp teeth.
Your uncanny sense of smell can sniff out nearby items.


Message History

Level annotation: 3 runed translucent doors, DO THIS VAULT, Gruesome's ghost, journeyman FoFi
There is a stone staircase leading down here.
Unknown command.
Casting: Foxfire (safe; 1% risk of failure)
Confirm with . or Enter, or press ? or * to list all spells.
Aiming: Sticky Flame (dangerous; 4% risk of failure)
Press: ? - help, Shift-Dir - straight line, f - cyan ugly thing
Aim: a cyan ugly thing (lightly wounded)
The sticky flame hits the cyan ugly thing.
The cyan ugly thing is lightly wounded.
The cyan ugly thing is covered in liquid flames!
The cyan ugly thing burns!
The cyan ugly thing punches you! The cyan ugly thing shocks you!
* * * LOW HITPOINT WARNING * * *
Evoke which item? (* to show all) (? for menu, Esc to quit)
Aiming: Disintegrate
Press: ? - help, Shift-Dir - straight line, f/p - cyan ugly thing
Aim: a cyan ugly thing (lightly wounded, covered in liquid flames, chance to defeat MR: 69%)
The cyan ugly thing struggles to resist.
The cyan ugly thing burns!
The cyan ugly thing punches you.
* * * LOW HITPOINT WARNING * * *
The cyan ugly thing shocks you!
* * * LOW HITPOINT WARNING * * *
Unknown command.
Unknown command.
Okay, then.
Unknown command.
Evoke which item? (* to show all) (? for menu, Esc to quit)
Aiming: Disintegrate
Press: ? - help, Shift-Dir - straight line, f/p - cyan ugly thing
Aim: a cyan ugly thing (lightly wounded, covered in liquid flames, chance to defeat MR: 69%)
The cyan ugly thing is blasted!!
The cyan ugly thing burns!
The cyan ugly thing stops burning.
The cyan ugly thing misses you.
Unknown command.
Evoke which item? (* to show all) (? for menu, Esc to quit)
Aiming: Disintegrate
Press: ? - help, Shift-Dir - straight line, f/p - cyan ugly thing
Aim: a cyan ugly thing (severely wounded, chance to defeat MR: 69%)
The cyan ugly thing struggles to resist.
The cyan ugly thing punches you but does no damage.
Unknown command.
Evoke which item? (* to show all) (? for menu, Esc to quit)
Aiming: Disintegrate
Press: ? - help, Shift-Dir - straight line, f/p - cyan ugly thing
Aim: a cyan ugly thing (heavily wounded, chance to defeat MR: 69%)
The cyan ugly thing struggles to resist.
The cyan ugly thing punches you.
* * * LOW HITPOINT WARNING * * *
The cyan ugly thing shocks you!
You die...

### #..
################.#
#@u...........>...
####.##########.##
#....#####...#
####.......####
#..###### #.
#...####....
#.#......###
##........#
#...#...#.###


You could see a cyan ugly thing.

Vanquished Creatures
  A hippogriff (D:11)
  3 yaks (D:10)
  2 hungry ghosts (D:8)
  A warg (D:7)
  An orc warrior (D:8)
  A sky beast (D:8)
  A phantom (D:4)
  4 centaurs
  3 ogres
  A big kobold (D:10)
  5 bullfrogs
  3 scorpions
  5 killer bees (D:10)
  4 wights
  3 howler monkeys (D:7)
  5 hounds
  2 bullfrog zombies
  A quasit (D:11)
  Crazy Yiuf (D:6)
  A bullfrog skeleton (D:10)
  A centaur skeleton (D:9)
  4 orc priests (D:10)
  2 jellies
  An iguana (D:4)
  Ijyb (D:4)
  7 orc wizards
  5 worker ants
  A hound skeleton (D:6)
  A howler monkey zombie (D:8)
  3 gnolls (D:6)
  A howler monkey skeleton (D:4)
  9 adders
  4 white imps
  2 ufetubi
  2 dart slugs (D:1)
  2 leopard geckos
  19 orcs
  2 giant cockroaches
  2 goblins
  5 hobgoblins
  3 quokkas
  2 ball pythons
  2 frilled lizards (D:2)
  A jackal skeleton (D:6)
  8 kobolds
  A leopard gecko skeleton (D:7)
  A quokka skeleton (D:6)
  3 rats
143 creatures vanquished.

Vanquished Creatures (others)
  436 foxfires
  2 plants (D:10)
438 creatures vanquished.

Grand Total: 581 creatures vanquished

Notes
Turn   | Place    | Note
-------+----------+-------------------------------------------
     0 | D:1      | Flugslaktarn the Gnoll Fire Elementalist began the quest
                  | for the Orb.
     0 | D:1      | Reached XP level 1. HP: 13/13 MP: 6/6
    54 | D:1      | Reached XP level 2. HP: 19/19 MP: 0/7
   195 | D:2      | Reached skill level 5 in Spellcasting
   195 | D:2      | Reached XP level 3. HP: 25/25 MP: 0/9
   310 | D:3      | Found a glowing golden altar of the Shining One.
   331 | D:3      | Reached skill level 1 in Invocations
   512 | D:3      | Reached skill level 1 in Fighting
   512 | D:3      | Reached skill level 1 in Short Blades
   512 | D:3      | Reached skill level 1 in Long Blades
   512 | D:3      | Reached skill level 1 in Axes
   512 | D:3      | Reached skill level 1 in Maces & Flails
   512 | D:3      | Reached skill level 1 in Polearms
   512 | D:3      | Reached skill level 1 in Staves
   512 | D:3      | Reached skill level 1 in Slings
   512 | D:3      | Reached skill level 1 in Bows
   512 | D:3      | Reached skill level 1 in Crossbows
   512 | D:3      | Reached skill level 1 in Throwing
   512 | D:3      | Reached skill level 1 in Armour
   512 | D:3      | Reached skill level 1 in Shields
   512 | D:3      | Reached skill level 1 in Unarmed Combat
   512 | D:3      | Reached skill level 1 in Evocations
   512 | D:3      | Reached XP level 4. HP: 28/32 MP: 6/11
   593 | D:4      | Learned a level 3 spell: Inner Flame
   598 | D:4      | Learned a level 4 spell: Sticky Flame
   607 | D:4      | Noticed a phantom
   630 | D:4      | Killed a phantom
   630 | D:4      | Reached skill level 1 in Hexes
   630 | D:4      | Reached skill level 1 in Charms
   630 | D:4      | Reached skill level 1 in Summonings
   630 | D:4      | Reached skill level 1 in Necromancy
   630 | D:4      | Reached skill level 1 in Translocations
   630 | D:4      | Reached skill level 1 in Transmutations
   630 | D:4      | Reached skill level 1 in Ice Magic
   630 | D:4      | Reached skill level 1 in Air Magic
   630 | D:4      | Reached skill level 1 in Earth Magic
   630 | D:4      | Reached skill level 1 in Poison Magic
   630 | D:4      | Reached XP level 5. HP: 23/37 MP: 2/12
   814 | D:4      | You fall into a shaft and drop 2 floors!
   814 | D:6      | Found an ancient bone altar of Kikubaaqudgha.
   816 | D:6      | Noticed a lemure
   817 | D:6      | Noticed a lemure
   817 | D:6      | Noticed a lemure
   818 | D:6      | Noticed a phantom
   857 | D:5      | Entered Level 5 of the Dungeon
   860 | D:5      | Found a white marble altar of Elyvilon.
   935 | D:6      | Reached XP level 6. HP: 39/44 MP: 11/13
   948 | D:6      | Found a staircase to the Ecumenical Temple.
   955 | Temple   | Entered the Ecumenical Temple
   981 | Temple   | Became a worshipper of Cheibriados the Contemplative
  1052 | D:6      | Learned a level 5 spell: Fireball
  1062 | D:6      | Found a burning altar of Makhleb.
  1079 | D:6      | Found a sparkling altar of Nemelex Xobeh.
  1099 | D:6      | Found a runed translucent door.
  1100 | D:6      | Noticed Crazy Yiuf
  1121 | D:6      | Killed Crazy Yiuf
  1121 | D:6      | Reached skill level 5 in Dodging
  1165 | D:6      | HP: 2/44 [centaur (5)]
  1329 | D:6      | Reached XP level 7. HP: 17/50 MP: 8/15
  1528 | D:4      | Reached * piety under Cheibriados
  1585 | D:4      | Reached skill level 5 in Stealth
  1600 | D:4      | Noticed Ijyb
  1620 | D:4      | Killed Ijyb
  1837 | D:8      | Reached XP level 8. HP: 57/57 MP: 11/16
  1851 | D:7      | Found a shadowy altar of Dithmenos.
  1957 | D:7      | Reached ** piety under Cheibriados
  1965 | D:7      | Reached skill level 6 in Spellcasting
  2040 | D:7      | Found a transporter.
  2041 | D:7      | Noticed a kobold demonologist
  2041 | D:7      | Noticed an orc sorcerer
  2265 | D:8      | Reached XP level 9. HP: 52/65 MP: 11/18
  2721 | D:8      | Reached *** piety under Cheibriados
  2768 | D:10     | Entered Level 10 of the Dungeon
  2910 | D:10     | Reached **** piety under Cheibriados
  2919 | D:10     | Reached skill level 5 in Invocations
  3033 | D:10     | Reached XP level 10. HP: 23/73 MP: 8/20
  3068 | D:10     | Reached skill level 7 in Spellcasting
  3175 | D:10     | Found a runed translucent gate.
  3176 | D:10     | Found a runed translucent gate.
  3177 | D:10     | Found a runed translucent gate.
  3179 | D:10     | Noticed Gruesome's ghost (journeyman FoFi)
  3181 | D:10     | Noticed a 12-headed hydra
  3237 | D:11     | Reached skill level 5 in Fighting
  3237 | D:11     | Reached skill level 5 in Short Blades
  3237 | D:11     | Reached skill level 5 in Long Blades
  3237 | D:11     | Reached skill level 5 in Axes
  3237 | D:11     | Reached skill level 5 in Maces & Flails
  3237 | D:11     | Reached skill level 5 in Polearms
  3237 | D:11     | Reached skill level 5 in Staves
  3237 | D:11     | Reached skill level 5 in Slings
  3237 | D:11     | Reached skill level 5 in Bows
  3237 | D:11     | Reached skill level 5 in Crossbows
  3237 | D:11     | Reached skill level 5 in Throwing
  3237 | D:11     | Reached skill level 5 in Armour
  3237 | D:11     | Reached skill level 5 in Shields
  3237 | D:11     | Reached skill level 5 in Unarmed Combat
  3237 | D:11     | Reached skill level 5 in Evocations
  3237 | D:11     | Reached ***** piety under Cheibriados
  3238 | D:11     | Noticed a cyan ugly thing
  3246 | D:10     | Slain by a cyan ugly thing

Illustrated notes

Levels and vault maps discovered:
D:1:      roderic_chinese_lattice_arrival, layout_basic, roderic_roman_lattice
D:2:      layout_loops_cross, lemuel_coloured_pillars_altar, xom_redecorated
D:3:      layout_loops_ring, fedhas_altar_fruit_tree, lemuel_doored_altar,
          gammafunk_ghost_arena, wad_woods_river_04
D:4:      layout_basic, marbit_many_paths, uniq_ijyb
D:5:      layout_basic, nicolae_overflow_hidden_temple, first_ration
D:6:      layout_loops_ring, nicolae_overflow_crystal_walls,
          nemelex_xobeh_ov_fountains_minmay, makhleb_grotto_becter,
          lemuel_crystal_altar, minmay_temple_entry_wispy,
          kennysheep_generic_room_9, uniq_pikel, uniq_crazy_yiuf_cottage
D:7:      gammafunk_wand_slinger, layout_cave_pods, grunt_dithmenos_smoke
D:8:      layout_gridville, kennysheep_small_square
D:9:      layout_basic
D:10:     layout_rooms, gammafunk_ghost_hydra_chop
D:11:     layout_loops_ring, erik_lair_island, david_orc_2, grunt_pizzeria
Temple:   minmay_temple_curvy_loop

Skill      XL: |  1  2  3  4  5  6  7  8  9 10 |
---------------+-------------------------------+-----
Conjurations   | 2 3 4 |  4.7
Spellcasting   | 5 6 7 |  7.1
Invocations    | 1 2 3 4 5 |  5.4
Fighting       | 1 2 3 4 5 |  5.0
Short Blades   | 1 2 3 4 5 |  5.0
Long Blades    | 1 2 3 4 5 |  5.0
Axes           | 1 2 3 4 5 |  5.0
Maces & Flails | 1 2 3 4 5 |  5.0
Polearms       | 1 2 3 4 5 |  5.0
Staves         | 1 2 3 4 5 |  5.0
Slings         | 1 2 3 4 5 |  5.0
Bows           | 1 2 3 4 5 |  5.0
Crossbows      | 1 2 3 4 5 |  5.0
Throwing       | 1 2 3 4 5 |  5.0
Armour         | 1 2 3 4 5 |  5.0
Shields        | 1 2 3 4 5 |  5.0
Unarmed Combat | 1 2 3 4 5 |  5.0
Evocations     | 1 2 3 4 5 |  5.0
Hexes          | 1 2 3 4 |  4.1
Charms         | 1 2 3 4 |  4.1
Summonings     | 1 2 3 4 |  4.1
Necromancy     | 1 2 3 4 |  4.1
Translocations | 1 2 3 4 |  4.1
Transmutations | 1 2 3 4 |  4.1
Ice Magic      | 1 2 3 4 |  4.1
Air Magic      | 1 2 3 4 |  4.1
Earth Magic    | 1 2 3 4 |  4.1
Poison Magic   | 1 2 3 4 |  4.1
Dodging        | 5 6 |  6.8
Stealth        | 5 6 |  6.6
Fire Magic     | 6 |  6.9

Action                   |  1- 3 |  4- 6 |  7- 9 | 10-12 || total
-------------------------+-------+-------+-------+-------++-------
Melee: Spear             |     7 |    24 |     4 |       ||    35
       Bite              |     1 |     2 |    17 |     3 ||    23
       Falchion          |       |       |    26 |       ||    26
       War axe           |       |       |    53 |     7 ||    60
       Punch             |       |       |     3 |       ||     3
 Cast: Foxfire           |    35 |    56 |   147 |    19 ||   257
       Sticky Flame      |       |     1 |    15 |     3 ||    19
       Fireball          |       |       |       |     3 ||     3
Evoke: Wand              |       |       |     3 |     4 ||     7
  Use: Scroll            |       |     3 |     8 |       ||    11
       Potion            |       |     2 |     1 |       ||     3
 Stab: Sleeping          |     3 |       |     4 |       ||     7
  Eat: Ration            |       |       |     2 |       ||     2
Armor: Leather armour    |     2 |       |    32 |    10 ||    44
       Robe              |       |     6 |    11 |       ||    17
Dodge: Dodged            |     9 |    43 |   151 |    35 ||   238
       Rpst.: Falchion   |       |       |    15 |       ||    15

Table legend:
 A = Non-vault XP
 B = Vault XP
 C = Vault XP percentage of total XP
 D = Non-vault monster count
 E = Vault monster count
 F = Vault count percentage of total count
                 A         B        C        D         E       F
            +---------+---------+-------+---------+---------+-------
      Total |    5385 |     295 |   5.2 |     138 |       5 |   3.5
            +---------+---------+-------+---------+---------+-------
        D:1 |      19 |       0 |   0.0 |       9 |       0 |   0.0
        D:2 |      21 |       0 |   0.0 |       7 |       0 |   0.0
        D:3 |      65 |       0 |   0.0 |      10 |       0 |   0.0
        D:4 |     503 |      36 |   6.7 |      20 |       1 |   4.8
        D:5 |     100 |       0 |   0.0 |       5 |       0 |   0.0
        D:6 |     392 |      41 |   9.5 |      11 |       1 |   8.3
        D:7 |     599 |       0 |   0.0 |       9 |       0 |   0.0
        D:8 |     908 |     133 |  12.8 |      15 |       1 |   6.2
        D:9 |     206 |       0 |   0.0 |       6 |       0 |   0.0
       D:10 |    2092 |       0 |   0.0 |      39 |       0 |   0.0
       D:11 |     480 |      85 |  15.0 |       7 |       2 |  22.2
            +---------+---------+-------+---------+---------+-------
